 Dungeon Crawl Stone Soup version 0.18.1-6-gd335043 (webtiles) character file.

48 jacquesderrida the Charmwright (level 3, 0/27 HPs)
             Began as a Demonspawn Skald on May 16, 2016.
             Slain by an orc wizard
             ... wielding a +0 dagger
              (1 damage)
             ... on level 3 of the Dungeon.
             The game lasted 00:03:25 (574 turns).

jacquesderrida the Charmwright (Demonspawn Skald)    Turns: 574, Time: 00:03:26

Health: 0/27       AC:  3    Str: 12    XL:     3   Next: 50%
Magic:  4/6        EV: 11    Int: 13    God:
Gold:   59         SH:  0    Dex: 13    Spells: 2 memorised, 2 levels left

rFire  + . .     SeeInvis .     a - +0 spear
rCold  + . .     Gourm    .     b - +0 leather armour
rNeg   . . .     Faith    .     (no shield)
rPois  +         Spirit   .     (no helmet)
rElec  +         Dismiss  .     (no cloak)
rCorr  +         Reflect  .     (no gloves)
SustAt .         Harm     .     (no boots)
MR     .....                    (no amulet)
Stlth  +.........               (no ring)
                                (no ring)

@: resistant, infused, flying, not resistant to hostile enchantments, very
unstealthy
A: powered by death 1, powered by pain 1
a: no special abilities


You were on level 3 of the Dungeon.
You were not hungry.

You visited 1 branch of the dungeon, and saw 3 of its levels.

You collected 59 gold pieces.

Inventory:

Hand Weapons
 a - a +0 spear (weapon)
 o - a +2 dagger of pain
Missiles
 j - a throwing net (quivered)
Armour
 b - a +0 leather armour (worn)
Scrolls
 f - a scroll of enchant weapon {unknown}
 g - a scroll of teleportation {unknown}
 i - a scroll of immolation {unknown}
 k - a scroll of enchant armour {unknown}
 m - a scroll of recharging {unknown}
Books
 c - a book of Battle

   Spells                             Type                      Level
   a - Infusion                       Charms                       1
   b - Shroud of Golubria             Charms/Translocation         2
   c - Song of Slaying                Charms                       2
   d - Spectral Weapon                Hexes/Charms                 3
   e - Regeneration                   Charms/Necromancy            3
Comestibles
 d - 2 bread rations


   Skills:
 - Level 2.2 Fighting
 + Level 2.8 Polearms
 - Level 0.8 Armour
 - Level 0.8 Dodging
 - Level 2.0 Spellcasting
 + Level 0.8 Hexes
 - Level 3.1 Charms


You had 2 spell levels left.
You knew the following spells:

 Your Spells              Type           Power        Failure   Level  Hunger
a - Infusion              Chrm           #...         12%         1    ##.....
b - Spectral Weapon       Hex/Chrm       #.......     54%         3    ####...


Dungeon Overview and Level Annotations

Branches:
Dungeon (3/15)

Altars:


Innate Abilities, Weirdness & Mutations

You regenerate a little health from kills.
You sometimes gain a little power by taking damage.


Message History

You hit something. Something hits you.
* * * LOW HITPOINT WARNING * * *
You hit something but do no damage. Something hits you but does no damage.
You miss something. Something hits you but does no damage.
You barely miss something. Something hits you but does no damage.
Casting: Spectral Weapon
Confirm with . or Enter, or press ? or * to list all spells.
You begin infusing your attacks with magical energy.
Something hits you but does no damage.
Your magical contamination has completely faded away.
You barely miss something. Something hits you.
* * * LOW HITPOINT WARNING * * *
You closely miss something. Something hits you but does no damage.
You hit something.
You hear some strange, mumbled words.
A puff of flame appears from out of thin air!
The puff of flame hits you! You resist.
* * * LOW HITPOINT WARNING * * *
You barely miss something. Something hits you.
You die...

##.#.######
.......<..######
.........o{@...#
..........####..#
?....!...... .#
...[...###.## #
....... .#
....... .#
...###. ..


You could see an orc.

Vanquished Creatures
  A worm (D:1)
  2 giant geckos (D:2)
  3 orcs (D:3)
  7 goblins
  3 hobgoblins
  11 kobolds
  A quokka (D:2)
  4 bats
  6 rats
38 creatures vanquished.

Vanquished Creatures (others)
  A plant (D:2)
1 creature vanquished.

Grand Total: 39 creatures vanquished

Notes
Turn   | Place    | Note
--------------------------------------------------------------
     0 | D:1      | jacquesderrida the Demonspawn Skald began the quest for the Orb.
     0 | D:1      | Reached XP level 1. HP: 16/16 MP: 3/3
    69 | D:1      | Reached skill level 3 in Charms
   109 | D:1      | Gained mutation: You regenerate a little health from kills. [demonic ancestry]
   109 | D:1      | Reached XP level 2. HP: 21/22 MP: 5/5
   398 | D:2      | Gained mutation: You sometimes gain a little power by taking damage. [demonic ancestry]
   398 | D:2      | Reached XP level 3. HP: 25/27 MP: 6/6
   409 | D:2      | Learned a level 3 spell: Spectral Weapon
   573 | D:3      | HP: 1/27 [something/puff of flame (4)]
   574 | D:3      | Slain by an orc wizard

Skill      XL: |  1  2 |
---------------+-------+-----
Charms         | 3 |  3.1
Polearms       | 2 |  2.8
Fighting       | |  2.2
Armour         | |  0.8
Dodging        | |  0.8
Spellcasting   | |  2.0
Hexes          | |  0.8

Action                   || total
-------------------------++-------
Melee: Spear             ||   196
 Cast: Infusion          ||     2
       Spectral Weapon   ||     1
  Use: Potion            ||     3
Armor: Leather armour    ||    31
Dodge: Dodged            ||    78
